 Dungeon Crawl Stone Soup version 0.29.0-13-gc9e81de378 (webtiles) character file.

Game seed: 232670504871665287

340 freelancePsychic the Chopper (level 7, -4/60 HPs)
             Began as a Meteoran Fighter on Sept 10, 2022.
             Succumbed to Sigmund's poison
             ... on level 4 of the Dungeon.
             The game lasted 00:04:33 (620 turns).

freelancePsychic the Chopper (Meteoran Fighter)      Turns: 620, Time: 00:04:34

Health: -4/60      AC:  6    Str: 19    XL:     7   Next: 12%
Magic:  8/8        EV:  9    Int:  9    God:
Gold:   49         SH:  0    Dex: 15    Spells: 6/6 levels left

rFire   . . .      SeeInvis .   a - +0 war axe
rCold   . . .      Faith    .   c - +0 buckler
rNeg    . . .      Spirit   .   b - +0 scale mail
rPois   .          Reflect  .   (no helmet)
rElec   .          Harm     .   (no cloak)
rCorr   .          Rampage  .   (no gloves)
Will    .....                   (no boots)
Stlth   ..........              (no amulet)
HPRegen 0.20/turn               (no ring)
MPRegen 0.11/turn               (no ring)

@: confused, brilliant, lethally poisoned (-4 -> -25), attractive, glowing
A: sense surroundings 1, otherworldly, glowing, explore regen
a: no special abilities


You were on level 4 of the Dungeon.
You visited 1 branch of the dungeon, and saw 4 of its levels.
You also visited: Ossuary.

You collected 49 gold pieces.

Inventory:

Hand Weapons
 a - a +0 war axe (weapon)
Missiles
 e - 5 curare-tipped darts (quivered)
 f - 6 boomerangs
Armour
 b - a +0 scale mail (worn)
 c - a +0 buckler (worn)
Jewellery
 g - a ring of see invisible
Scrolls
 i - a scroll of immolation {unknown}
 k - a scroll of brand weapon {unknown}
 n - a scroll of butterflies
Potions
 d - 2 potions of haste {@q3}
 j - 2 potions of might


   Skills:
 + Level 4.8 Fighting
 * Level 6.0 Axes
 + Level 3.5 Throwing
 - Level 3.6 Armour
 - Level 3.6 Shields


You had 6 spell levels left.
You didn't know any spells.
Your spell library contained the following spells:

 Spells                   Type           Power      Damage    Failure   Level
 Beastly Appendage        Tmut           0%         N/A       83%         1
 Wereblood                Tmut           0%         N/A       93%         2
 Spider Form              Tmut/Pois      0%         N/A       99%         3


Dungeon Overview and Level Annotations

Branches:
Dungeon (4/15) Zot: 1901  Ossuary (visited)
 Temple: D:4-7

Altars:
Fedhas

Annotations:
D:4 Sigmund


Innate Abilities, Weirdness & Mutations

You passively map a small area around you.
You are easily found by Zot.
You glow in the dark.
You regain HP and MP as you explore.


Message History

You slash Sigmund!
Sigmund is heavily wounded.
Sigmund struggles against the net.
You slash Sigmund!
Sigmund is almost dead.
Sigmund struggles against the net.
The orc priest mumbles some strange prayers to Beogh against you.
Beogh smites you!
Sigmund casts a spell.
Sigmund flickers and vanishes!
Deactivating autopickup; reactivate with Ctrl-A.
Something wriggles in the net.
All of a sudden the net rips apart!
The orc hits you but does no damage.
You closely miss something. You closely miss the orc.
The orc wizard gestures at you while chanting.
You are confused.
Something hits you but does no damage.
You are poisoned.
It was a potion of attraction.
You feel attractive to monsters.
You feel very sick.
The orc hits you from afar with a +0 trident.
You feel sick. Something hits you.
You are more poisoned.
The orc wizard is attracted toward you. The orc is attracted toward you.
The orc priest is attracted toward you.
You're too confused to move!
* * * LOW HITPOINT WARNING * * *
You feel very sick. Something hits you!
* * * LOW HITPOINT WARNING * * *
You are more poisoned.
The orc wizard casts a spell at you.
You easily resist.
The orc hits you from afar with a +0 trident.
* * * LOW HITPOINT WARNING * * *
The orc is attracted toward you.
It was a potion of brilliance.
You feel clever all of a sudden.
You die...

#.# ###..###.#
#....* ..#
*.........##....##
###*
.#...###.#..##.##
*
*.................
,
,.....##...o.##.#
, ### ##.#o.##.# *
, ####o....# * ,
#..o{ยง..## , ,
*** #..@o...# ,*
.........$.....*
,*, *
..$..........## *
, .............# ,
.............# ,
*.=...........#
############.# .#


You could see an orc priest, an orc wizard and 2 orcs.

Vanquished Creatures
  An elf zombie (Ossuary)
  3 human zombies (Ossuary)
  2 centaur zombies (Ossuary)
  2 orc wizards (D:3)
  2 mummies
  An adder (D:3)
  A worm (D:3)
  A dart slug (D:1)
  3 orcs
  A ball python (D:1)
  An endoplasm (D:1)
  A goblin (D:3)
  2 hobgoblins (D:1)
  4 jackals (D:1)
  2 kobolds
  3 bats (D:1)
  A frilled lizard (D:3)
  An orc zombie (D:4)
  2 rats (D:1)
34 creatures vanquished.

Notes
Turn   | Place    | Note
-------+----------+-------------------------------------------
     0 | D:1      | freelancePsychic the Meteoran Fighter began the quest for
                  | the Orb.
     0 | D:1      | Reached XP level 1. HP: 19/19 MP: 2/2
    40 | D:1      | Reached XP level 2. HP: 18/26 MP: 3/3
    64 | D:1      | Reached skill level 3 in Axes
    66 | D:1      | Reached skill level 1 in Throwing
   137 | D:1      | Reached XP level 3. HP: 29/31 MP: 4/4
   193 | D:2      | Found a blossoming altar of Fedhas.
   301 | D:3      | Reached XP level 4. HP: 12/40 MP: 5/5
   310 | D:3      | Reached skill level 4 in Axes
   331 | D:3      | Reached XP level 5. HP: 32/46 MP: 6/6
   412 | D:4      | Found a sand-covered staircase.
   430 | Ossuary  | Entered an ossuary
   490 | Ossuary  | Reached skill level 5 in Axes
   490 | Ossuary  | Reached XP level 6. HP: 15/53 MP: 7/7
   573 | Ossuary  | Reached XP level 7. HP: 26/60 MP: 8/8
   585 | Ossuary  | Reached skill level 6 in Axes
   608 | D:4      | Noticed Sigmund
   619 | D:4      | HP: 1/60 [orc/+0 trident (5)]
   620 | D:4      | Succumbed to Sigmund's poison

Illustrated notes

Levels and vault maps discovered:
D:1:      roderic_crossed_star, layout_loops_ring, minivault_11,
          minmay_door_square, chequers_decorated_corner, nicolae_grassy_gnolls
D:2:      layout_rooms, basic_altar, serial_rivers,
          chequers_serial_rivers_large_a, chequers_serial_rivers_small_b,
          chequers_serial_rivers_marsh, chequers_serial_rivers_micro_d,
          chequers_serial_rivers_small_3, chequers_serial_rivers_small_3
D:3:      layout_basic, hangedman_glass_teeth, grunt_ministairs_10,
          minmay_liquid_box
D:4:      layout_loops_cross, nicolae_ossuary_entry_giza, uniq_sigmund

Skill      XL: |  1  2  3  4  5  6  7 |
---------------+----------------------+-----
Axes           | 3 4 5 6 |  6.0
Throwing       | 1 2 3 |  3.5
Fighting       | 4 |  4.8
Armour         | |  3.6
Shields        | |  3.6

Action                   |  1- 3 |  4- 6 |  7- 9 || total
-------------------------+-------+-------+-------++-------
Melee: War axe           |    61 |    70 |    16 ||   147
Throw: Boomerang         |       |    14 |       ||    14
       Throwing net      |       |       |     1 ||     1
  Use: Potion            |     2 |     2 |     2 ||     6
       Scroll            |       |     4 |       ||     4
Armor: Scale mail        |    46 |    33 |     3 ||    82
Dodge: Dodged            |    34 |    18 |     4 ||    56
Block: Buckler           |    19 |    15 |     2 ||    36
